 Dungeon Crawl Stone Soup version 0.22-a0-398-g8bb545f (webtiles) character file.

56 ololoev the Magician (level 4, 27/27 HPs)
             Began as a Halfling Wizard on May 4, 2018.
             Was a Follower of Nemelex Xobeh.
             Quit the game on level 2 of the Dungeon.
             The game lasted 00:05:07 (1610 turns).

ololoev the Magician (Halfling Wizard)              Turns: 1610, Time: 00:05:08

Health: 27/27      AC:  3    Str:  8    XL:     4   Next: 17%
Magic:  8/8        EV: 14    Int: 17    God:    Nemelex Xobeh [*.....]
Gold:   139        SH:  0    Dex: 12    Spells: 0/8 levels left

rFire    . . .     SeeInvis .   b - +0 whip
rCold    . . .     Gourm    .   (shield restricted)
rNeg     . . .     Faith    .   k - +0 robe
rPois    .         Spirit   .   i - +0 hat
rElec    .         Reflect  .   j - +0 cloak
rCorr    .         Harm     .   (no gloves)
MR       .....                  (no boots)
Stlth    ++........             (no amulet)
HPRegen  0.09/turn              (no ring)
MPRegen  0.11/turn              (no ring)

@: no status effects
A: small, mutation resistance 1
a: Renounce Religion


Innate Abilities, Weirdness & Mutations

You are small and have problems with some larger weapons.
You are somewhat resistant to further mutation.

Inventory:

Hand Weapons
 a - a +0 hunting sling
 b - a +0 whip (weapon)
Missiles
 l - 13 sling bullets
Armour
 i - a +0 hat (worn)
 j - a +0 cloak (worn)
 k - a +0 robe (worn)
Scrolls
 c - a scroll of identify {unknown}
 e - a scroll of teleportation {unknown}
 g - 2 scrolls of remove curse {unknown}
 h - a scroll of fear {unknown}
 q - a scroll of enchant armour {unknown}
 t - a scroll of noise {unknown}
Potions
 f - a potion of magic {unknown}
 m - a potion of resistance {unknown}
 n - a potion of might {unknown}
 o - 2 potions of brilliance {unknown}
 r - a potion of curing {unknown}
 s - a potion of invisibility {unknown}
Comestibles
 d - 7 rations
 p - 3 chunks of flesh


   Skills:
 * Level 2.4 Slings
 - Level 2.1 Dodging
 - Level 2.1 Stealth
 + Level 2.9 Spellcasting
 + Level 1.8 Conjurations
 - Level 0.7 Summonings
 - Level 1.1 Translocations


You couldn't memorise any spells.
You knew the following spells:

 Your Spells              Type           Power        Failure   Level  Hunger
a - Magic Dart            Conj           #...         9%          1    None
b - Call Imp              Summ           #.......     21%         2    ##.....
c - Mephitic Cloud        Conj/Pois/Air  #.......     38%         3    ###....
k - Blink                 Tloc           N/A          17%         2    ##.....


You were on level 2 of the Dungeon.
You worshipped Nemelex Xobeh.
Nemelex Xobeh was aware of your devotion.
You were not hungry.

You visited 1 branch of the dungeon, and saw 2 of its levels.

You collected 139 gold pieces.

##...........#
#.....####.## _
#.#...# #..# #.#
##.#...#####.# ##.
.##.........##.# #.K
..#..#..###.##.. #.#
#.#.....# #..##^
##.###.#.....# ##.##.
##...@#.##..#.# #.##.
#_....#..'..#.####.##.
##..._#.##............
##.###.#.....#####...
#.###.#.....####....
#..#..#...>.##...#..
##...##.....##.##...
##.##...#..##....#.
#_# .##....####.

Notes
Turn   | Place    | Note
-------+----------+-------------------------------------------
     0 | D:1      | ololoev the Halfling Wizard began the quest for the Orb.
     0 | D:1      | Reached XP level 1. HP: 11/11 MP: 3/3
   197 | D:1      | Reached skill level 1 in Conjurations
   551 | D:1      | Reached XP level 2. HP: 17/17 MP: 3/5
   555 | D:1      | Learned a level 2 spell: Blink
   558 | D:1      | Learned a level 2 spell: Call Imp
  1015 | D:1      | Reached XP level 3. HP: 21/21 MP: 0/7
  1046 | D:2      | Reached skill level 1 in Slings
  1374 | D:2      | Reached XP level 4. HP: 23/27 MP: 1/8
  1380 | D:2      | Learned a level 3 spell: Mephitic Cloud
  1597 | D:2      | Found an iron altar of Okawaru.
  1597 | D:2      | Found a bloodstained altar of Trog.
  1602 | D:2      | Found a sparkling altar of Nemelex Xobeh.
  1604 | D:2      | Found a faded altar of an unknown god.
  1605 | D:2      | Found an opulent altar of Gozag.
  1609 | D:2      | Became a worshipper of Nemelex Xobeh the Trickster
  1609 | D:2      | Received a gift from Nemelex Xobeh
  1609 | D:2      | Received a gift from Nemelex Xobeh
  1609 | D:2      | Reached * piety under Nemelex Xobeh
  1610 | D:2      | Quit the game

Dungeon Overview and Level Annotations

Branches:
Dungeon (2/15)

Altars:
Gozag
Nemelex Xobeh
Okawaru
Trog


Message History

A hobgoblin is nearby!
A hobgoblin is nearby!
A hobgoblin is nearby!
A hobgoblin is nearby!
A hobgoblin is nearby!
A hobgoblin is nearby!
A hobgoblin is nearby!
A hobgoblin is nearby!
A hobgoblin is nearby!
A hobgoblin is nearby!
A hobgoblin is nearby!
A hobgoblin is nearby!
A hobgoblin is nearby!
A goblin comes into view. It is wielding a dagger.
The goblin shouts!
Found 19 stones.
You see here a robe.
The hobgoblin shouts!
You hit the goblin.
The goblin is severely wounded.
The goblin hits you but does no damage.
You miss the goblin.
The goblin is severely wounded.
The hobgoblin barely misses you. The goblin barely misses you.
You hit the goblin.
You kill the goblin!
The hobgoblin barely misses you.
You hit the hobgoblin.
The hobgoblin is almost dead.
The hobgoblin closely misses you.
You barely miss the hobgoblin.
The hobgoblin is almost dead.
The hobgoblin hits you with a club.
You hit the hobgoblin.
You kill the hobgoblin!
No target in view!
No target in view!
No target in view!
No target in view!
No target in view!
No target in view!
No target in view!
No target in view!
No target in view!
No target in view!
No target in view!
No target in view!
Things that are here:
a dagger; a goblin corpse You butcher the goblin corpse.
p - 7 chunks of flesh (gained 3)
You see here a dagger.
You now have 139 gold pieces (gained 6).
You see here a club.
You see here a dagger.
Found 13 stones.
d - 7 rations (gained 1) Key pressed, stopping explore.
Found a stone staircase leading down.
You open the door.
There is an open door here.
Found an iron altar of Okawaru and a bloodstained altar of Trog.
Found a sparkling altar of Nemelex Xobeh.
A kobold comes into view.
Found a faded altar of an unknown god.
Some of the chunks of flesh in your inventory have rotted away.
Found an opulent altar of Gozag.
There is a faded altar of an unknown god here.
You cannot tell which god this altar belongs to.
Convert to them anyway?
Okay, then.
You cannot tell which god this altar belongs to.
Convert to them anyway?
Nemelex Xobeh accepts your prayer! Nemelex Xobeh welcomes you!
Nemelex Xobeh grants you a gift! Something appears at your feet!
Nemelex Xobeh grants you a gift! Something appears at your feet!
Unknown command.
Press < or > to pray at altars.
Are you sure you want to abandon this character and quit the game? (Confirm with "yes".)

There were no monsters in sight!

Vanquished Creatures
  3 adders
  A worm (D:2)
  A leopard gecko (D:2)
  5 bats
  A giant cockroach (D:1)
  4 goblins
  2 hobgoblins
  3 kobolds
  2 frilled lizards
  7 rats
29 creatures vanquished.

Vanquished Creatures (collateral kills)
  A worm (D:2)
  A goblin (D:2)
  2 jackals (D:2)
4 creatures vanquished.

Grand Total: 33 creatures vanquished

Action                   |  1- 3 |  4- 6 || total
-------------------------+-------+-------++-------
Melee: Unarmed           |    19 |       ||    19
       Whip              |    59 |     7 ||    66
 Fire: Hunting sling     |     1 |       ||     1
 Cast: Magic Dart        |    33 |       ||    33
       Call Imp          |    10 |       ||    10
 Stab: Sleeping          |     2 |       ||     2
       Distracted        |     1 |       ||     1
  Eat: Chunk             |     2 |     1 ||     3
Armor: Robe              |    19 |       ||    19
Dodge: Dodged            |    72 |     5 ||    77

Vault maps used:
D:1:      dpeg_arrival_tiny_j
D:2:      chequers_temple_overflow_minitemple
